 Dungeon Crawl Stone Soup version 0.32-a0-818-gb728d0252e (webtiles) character file.

Game seed: 9495657557390710728

17246 smashvw the Severer (level 12, -16/106 HPs)
             Began as a Minotaur Fighter on Mar 24, 2024.
             Was a High Priest of Okawaru.
             Demolished by a skyshark (19 damage)
             ... on level 2 of the Lair of Beasts.
             The game lasted 00:21:03 (12946 turns).

smashvw the Severer (Minotaur Fighter)             Turns: 12946, Time: 00:21:04

Health: -16/106    AC: 15    Str: 32    XL:     12   Next: 17%
Magic:  11/11      EV: 12    Int:  5    God:    Okawaru [*****.]
Gold:   826        SH:  7    Dex: 10    Spells: 11/11 levels left

rFire   . . .        K - +2 hand axe (venom)
rCold   . . .        c - +0 buckler
rNeg    . . .        n - +0 plate armour
rPois   .            (helmet restricted)
rElec   .            M - +0 cloak
rCorr   .            (no gloves)
SInv    .            (no boots)
Will    .....        (no amulet) Stlth
                     B - +6 ring of strength
HPRegen 0.37/turn    E - +5 ring of evasion
MPRegen 0.12/turn

%: no passive effects
@: lethally poisoned (-16 -> -18), hasted, studying Shields, very quick
A: horns 2, retaliatory headbutt
a: Renounce Religion, Heroism, Finesse, Duel


You were on level 2 of the Lair of Beasts.
You worshipped Okawaru.
Okawaru was extremely pleased with you.
You visited 3 branches of the dungeon, and saw 14 of its levels.

You collected 981 gold pieces.
You spent 155 gold pieces at shops.

Inventory:

Hand Weapons
 K - a +2 hand axe of venom (weapon)
Missiles
 g - 7 boomerangs
 p - 11 poisoned darts (quivered)
 t - 8 curare-tipped darts
 N - 4 javelins
 R - 2 silver javelins
Armour
 c - a +0 buckler (worn)
 n - a +0 plate armour (worn)
 M - a +0 cloak (worn)
Jewellery
 d - an amulet of the acrobat
 B - a +6 ring of strength (left hand)
 E - a +5 ring of evasion (right hand)
 L - a +6 ring of dexterity
 O - a +4 ring of protection
Wands
 a - a wand of paralysis (3)
 y - a wand of light (18)
 F - a wand of roots (9)
 H - a wand of polymorph (6)
Scrolls
 b - a scroll of enchant weapon
 f - 2 scrolls of revelation
 h - 3 scrolls of teleportation
 l - a scroll of amnesia
 m - 4 scrolls of noise
 o - 3 scrolls of summoning
 q - 2 scrolls of silence
 s - 2 scrolls of poison
 u - 4 scrolls of vulnerability {unknown}
 D - a scroll of torment {unknown}
 G - 2 scrolls of fear {unknown}
 I - 3 scrolls of enchant armour {unknown}
 J - a scroll of fog {unknown}
 Q - a scroll of blinking {unknown}
Potions
 e - a potion of heal wounds
 i - a potion of haste
 j - a potion of invisibility {unknown}
 k - 3 potions of curing
 r - 4 potions of mutation {unknown}
 v - 4 potions of lignification {unknown}
 w - 2 potions of attraction {unknown}
 x - 3 potions of enlightenment {unknown}
 z - a potion of ambrosia {unknown}
 A - a potion of resistance {unknown}
 C - 3 potions of brilliance {unknown}
 P - a potion of berserk rage {unknown}


   Skills:
 - Level 10.0 Fighting
 + Level 16.3 Axes
 + Level 3.9 Throwing
 - Level 10.0 Armour
 + Level 14.9 Shields


You had 11 spell levels left.
You didn't know any spells.
Your spell library contained the following spells:

 Spells                   Type           Power      Damage    Failure   Level
 Sting                    Conj/Alch      0%         1d3       98%         1
 Mercury Vapours          Alch/Air       0%         N/A       99%         2
 Frozen Ramparts          Ice            0%         1d1       100%        3
 Gell's Gravitas          Tloc           0%         N/A       100%        3
 Inner Flame              Hex/Fire       0%         N/A       100%        3
 Ozocubu's Armour         Ice            0%         N/A       100%        3
 Teleport Other           Tloc           0%         N/A       100%        3
 Leda's Liquefaction      Alch/Erth      0%         N/A       100%        4
 Olgreb's Toxic Radiance  Alch           0%         N/A       100%        4
 Petrify                  Alch/Erth      0%         N/A       100%        4
 Irradiate                Conj/Alch      0%         3d11      100%        5
 Lee's Rapid Deconstruct  Erth           0%         3d4*      100%        5
 Metabolic Englaciation   Hex/Ice        0%         N/A       100%        5
 Dispersal                Tloc           0%         N/A       100%        6
 Ignition                 Fire           0%         3d3       100%        8
 Animate Armour           Summ/Erth      Unusable   N/A       N/A         4
 Summon Lightning Spire   Summ/Air       Unusable   N/A       N/A         4
 Malign Gateway           Summ/Tloc      Unusable   N/A       N/A         7
 Summon Horrible Things   Summ           Unusable   N/A       N/A         8

Dungeon Overview and Level Annotations

Branches:
Dungeon (11/15)            Temple (1/1) D:7            Lair (2/5) D:8
  Swamp (0/4) Lair:2        Snake (0/4) Lair:2
    Orc: D:9-12

Altars:
Ashenzari
Cheibriados
Dithmenos
Elyvilon
Fedhas
Hepliaklqana
Kikubaaqudgha
Makhleb
Nemelex Xobeh
Okawaru
Qazlal
Ru
Sif Muna
Trog
Uskayaw
Vehumet
Wu Jian
Xom
Yredelemnul
Zin
The Shining One

Shops:
D:10 (*:[*

Annotations:
Lair:1 3 runed translucent doors, olmar's ghost, journeyman MDFi


Innate Abilities, Weirdness & Mutations

You have a pair of horns on your head.
You reflexively headbutt those who attack you in melee.


Message History

The water moccasin poisons you!
You closely miss the water moccasin.
Your headbutt misses the water moccasin.
The water moccasin is almost dead.
You hit the skyshark but do no damage.
The skyshark looks as sick as possible!
You feel sick. The skyshark bites you.
The skyshark enters a blood-rage!
The skyshark tail-slaps you but does no damage.
The skyshark tail-slaps you. The water moccasin barely misses you.
You slash the water moccasin!
You kill the water moccasin!
Okawaru accepts your kill.
You slash the skyshark!
The skyshark looks as sick as possible!
You feel sick. You block the skyshark's attack.
The skyshark tail-slaps you but does no damage.
The skyshark tail-slaps you!
You are too injured to fight recklessly!
You are too injured to fight recklessly!
You are too injured to fight recklessly!
You barely miss the skyshark.
The skyshark is lightly wounded.
You feel sick. The skyshark bites you!
The skyshark tail-slaps you but does no damage.
The skyshark completely misses you.
You slash the skyshark!
The skyshark looks as sick as possible!
You headbutt the skyshark.
The skyshark is moderately wounded.
You feel sick.
You hit the skyshark but do no damage.
The skyshark is moderately wounded.
You feel sick. The skyshark bites you!
* * * LOW HITPOINT WARNING * * *
The skyshark closely misses you. The skyshark tail-slaps you.
* * * LOW HITPOINT WARNING * * *
You feel yourself speed up.
You feel sick. The skyshark bites you!
* * * LOW HITPOINT WARNING * * *
The skyshark tail-slaps you but does no damage.
The skyshark tail-slaps you!
* * * LOW HITPOINT WARNING * * *
The skyshark bites you!!
You die...

...## #.........#..##
....# ..........####
...## #.........#
>..P# #.........#
....###.........#
................# #
................###.#
...###.............#
...# #.###+###@#.#
...# ......F†..# ..##
........#.# ..#
####~......# ..#
##...# P# ..# #....
.# #.# ....# # #.#
.....# #.#


You could see a skyshark (berserk, extremely poisoned).

Vanquished Creatures
  An eleionoma (Lair:2)
  Erica (D:8)
  A two-headed ogre (D:8)
  Sonja (D:10)
  A skyshark (Lair:2)
  A salamander (Lair:2)
  A cyclops (D:11)
  An elephant (D:8)
  2 black mambas (Lair:1)
  A gargoyle (D:11)
  6 cane toads
  A rime drake (Lair:1)
  5 komodo dragons
  2 trolls
  Grinder (D:3)
  A polar bear (Lair:2)
  A wraith (D:11)
  A shadow (D:11)
  10 yaks
  5 wyverns
  Eustachio (D:4)
  2 nagas (Lair:2)
  Menkaure (D:4)
  11 water moccasins
  Duvessa (D:6)
  2 ice beasts
  5 orc warriors
  A sky beast (D:8)
  3 black bears
  2 ogres
  5 centaurs
  4 kobold brigands
  9 bullfrogs
  7 wights
  Dowan (D:5)
  7 killer bees
  4 howler monkeys (D:9)
  An electric eel (Lair:2)
  3 orc priests
  4 hounds
  A jelly (D:5)
  A gnoll bouda (D:6)
  Jessica (D:3)
  An iguana (D:5)
  2 sleepcaps
  Natasha (twice) (D:2)
  2 orc wizards
  12 gnolls
  3 adders
  3 shadow imps (D:5)
  A white imp (D:6)
  2 dart slugs
  3 ribbon worms
  21 orcs
  7 ball pythons
  11 endoplasms
  5 giant cockroaches
  4 goblins
  11 hobgoblins
  5 quokkas
  4 bats
  4 frilled lizards
  12 kobolds
  8 rats
244 creatures vanquished.

Notes
Turn   | Place    | Note
-------+----------+-------------------------------------------
     0 | D:1      | smashvw the Minotaur Fighter began the quest for the Orb.
     0 | D:1      | Reached XP level 1. HP: 19/19 MP: 0/0
   234 | D:1      | Reached XP level 2. HP: 25/27 MP: 1/1
   517 | D:1      | Reached XP level 3. HP: 33/33 MP: 2/2
   684 | D:1      | Reached skill level 3 in Axes
  1275 | D:2      | Reached XP level 4. HP: 38/40 MP: 3/3
  1293 | D:2      | Noticed Natasha
  1299 | D:2      | Killed Natasha
  1460 | D:2      | Noticed Natasha
  1466 | D:2      | Killed Natasha
  1467 | D:2      | Reached skill level 5 in Shields
  1546 | D:3      | Noticed Grinder
  1556 | D:3      | Killed Grinder
  1557 | D:3      | Reached skill level 5 in Fighting
  1557 | D:3      | Reached skill level 4 in Axes
  1557 | D:3      | Reached skill level 5 in Armour
  1557 | D:3      | Reached XP level 5. HP: 14/48 MP: 4/4
  1557 | D:3      | Reached XP level 6. HP: 17/56 MP: 5/5
  1994 | D:3      | Noticed Jessica
  1996 | D:3      | Killed Jessica
  2495 | D:4      | Noticed Eustachio
  2496 | D:4      | Noticed Menkaure
  2505 | D:4      | Killed Menkaure
  2506 | D:4      | Reached skill level 5 in Axes
  2506 | D:4      | Reached XP level 7. HP: 50/63 MP: 6/6
  2522 | D:4      | Killed Eustachio
  3227 | D:5      | Entered Level 5 of the Dungeon
  3369 | D:5      | Reached skill level 6 in Axes
  3526 | D:5      | Reached XP level 8. HP: 63/73 MP: 7/7
  3660 | D:5      | Found an iron altar of Okawaru.
  3669 | D:5      | Found a basalt altar of Yredelemnul.
  3969 | D:5      | Found a sacrificial altar of Ru.
  4386 | D:6      | Reached skill level 7 in Axes
  4392 | D:6      | Noticed Duvessa
  4392 | D:6      | Noticed Dowan
  4419 | D:6      | Killed Duvessa
  4435 | D:5      | Killed Dowan
  4767 | D:6      | Reached skill level 8 in Axes
  4829 | D:5      | Reached XP level 9. HP: 27/82 MP: 8/8
  5677 | D:7      | Found a staircase to the Ecumenical Temple.
  5686 | Temple   | Entered the Ecumenical Temple
  5824 | D:5      | Became a worshipper of Warmaster Okawaru
  6298 | D:8      | Noticed a two-headed ogre
  6304 | D:8      | Killed a two-headed ogre
  6305 | D:8      | Reached skill level 9 in Axes
  6311 | D:8      | Reached * piety under Okawaru
  6312 | D:8      | Reached skill level 10 in Fighting
  6316 | D:8      | Reached skill level 10 in Armour
  6318 | D:8      | Reached skill level 10 in Axes
  6349 | D:8      | Noticed Erica
  6351 | D:8      | Noticed an elephant
  6500 | D:8      | Killed an elephant
  6500 | D:8      | Reached ** piety under Okawaru
  6501 | D:8      | Reached skill level 11 in Axes
  6501 | D:8      | Reached XP level 10. HP: 55/93 MP: 9/9
  6649 | D:8      | Killed Erica
  6650 | D:8      | Reached skill level 12 in Axes
  7234 | D:8      | Found a staircase to the Lair.
  7326 | D:8      | Found a white marble altar of Elyvilon.
  7435 | D:8      | Found a burning altar of Makhleb.
  7436 | D:8      | Found a shadowy altar of Dithmenos.
  7441 | D:8      | Found a bloodstained altar of Trog.
  7608 | D:9      | Reached *** piety under Okawaru
  7838 | D:9      | Reached skill level 13 in Axes
  8029 | D:9      | Identified a scroll of acquirement
  8051 | D:9      | Acquired a manual of Shields
  8599 | D:10     | Entered Level 10 of the Dungeon
  8673 | D:10     | Found Qakett's Antique Weapon Shop.
  8696 | D:10     | Noticed Sonja
  8705 | D:10     | Killed Sonja
  8705 | D:10     | Reached **** piety under Okawaru
  8938 | D:10     | Reached skill level 14 in Axes
  9063 | D:10     | Found a glowing golden altar of the Shining One.
  9145 | D:10     | Found Foofrah's Book Emporium.
  9149 | D:10     | Found Koink's Assorted Antiques.
  9155 | D:10     | Bought a potion of heal wounds for 155 gold pieces
  9173 | D:10     | Found Gyufis's Antique Armour Shop.
  9216 | D:10     | Found a glowing silver altar of Zin.
  9262 | D:10     | Found Jammuqagi's Assorted Antiques.
  9306 | D:10     | Found an ancient bone altar of Kikubaaqudgha.
  9538 | D:11     | Noticed a gargoyle
  9547 | D:11     | Reached XP level 11. HP: 44/99 MP: 10/10
  9769 | D:11     | Reached skill level 10 in Shields
 10389 | Lair:1   | Entered Level 1 of the Lair of Beasts
 10403 | Lair:1   | Reached ***** piety under Okawaru
 10695 | Lair:1   | Reached skill level 15 in Axes
 11463 | Lair:1   | Received a gift from Okawaru
 11529 | Lair:1   | Found a runed translucent gate.
 11529 | Lair:1   | Found a runed translucent gate.
 11529 | Lair:1   | Found a runed translucent gate.
 11545 | Lair:1   | Noticed olmar's ghost (journeyman MDFi)
 11546 | Lair:1   | Noticed an 11-headed hydra
 11546 | Lair:1   | Noticed an 11-headed hydra
 11910 | Lair:2   | Reached skill level 1 in Throwing
 12220 | Lair:2   | Noticed a skyshark
 12243 | Lair:2   | Killed a skyshark
 12244 | Lair:2   | Reached skill level 16 in Axes
 12567 | Lair:2   | Reached XP level 12. HP: 105/106 MP: 11/11
 12568 | Lair:2   | Received a gift from Okawaru
 12745 | Lair:2   | Found a staircase to the Snake Pit.
 12876 | Lair:2   | Found a staircase to the Swamp.
 12876 | Lair:2   | Noticed an eleionoma
 12890 | Lair:2   | Killed an eleionoma
 12946 | Lair:2   | HP: 3/106 [skyshark (8)]
 12946 | Lair:2   | Demolished by a skyshark

Illustrated notes

Levels and vault maps discovered:
D:1:      dpeg_arrival_fog, layout_loops_ring, nicolae_hexahallways
D:2:      layout_loops_ring, uniq_natasha
D:3:      layout_loops_ring, uniq_grinder, uniq_jessica
D:4:      layout_loops_cross, minmay_crossroads, uniq_menkaure, uniq_eustachio
D:5:      layout_gridville, mainiacjoe_overflow_boulevard,
          amethyst_overflow_temple_binary
D:6:      layout_rooms, lemuel_flame_loot_1, uniq_duvessa
D:7:      layout_cave_pools, minmay_temple_entry_offerings,
          hangedman_decor_peaks_small, nicolae_houndstooth_variations
D:8:      layout_basic, nicolae_overflow_hidden_temple, david_lair_generic,
          minmay_bent, uniq_erica
D:9:      layout_stronghold
D:10:     nicolae_BIG_FREAKIN_CUBE, layout_rooms,
          mainiacjoe_overflow_concentric_impassable,
          mainiacjoe_overflow_24_doors, mainiacjoe_overflow_surrounded_room,
          serial_shops, nicolae_stop_n_shop_2, nicolae_shop_stone,
          nicolae_shop_peninsula, nicolae_shop_tiny_glass,
          nicolae_shop_pleasant_corner_grove, uniq_sonja
D:11:     layout_rooms
Temple:   jpeg_temple_clearing
Lair:1:   layout_gridlike, gammafunk_ghost_hydra_chop
Lair:2:   layout_small_grid, alex1729_swamp_entry_worm_eleionoma,
          alex1729_snake_entry_snake, hangedman_lair_generics_rect,
          serial_bayou_shore_a, grunt_megastairs_4

Skill      XL: |  1  2  3  4  5  6  7  8  9 10 11 |
---------------+----------------------------------+-----
Shields        | 4 5 9 14 | 14.9
Armour         | 4 5 7 8 10 | 10.0
Fighting       | 4 5 6 7 8 10 | 10.0
Axes           | 3 4 5 6 8 11 14 16 | 16.3
Throwing       | 3 |  3.9

Action                     |  1- 3 |  4- 6 |  7- 9 | 10-12 || total
---------------------------+-------+-------+-------+-------++-------
  Melee: War axe           |    76 |    68 |   248 |    65 ||   457
         Headbutt          |     6 |     5 |    52 |   104 ||   167
         Hand axe          |       |       |       |   365 ||   365
  Throw: Dart              |       |       |     2 |       ||     2
 Invoke: Heroism           |       |       |       |     1 ||     1
  Evoke: Wand              |       |       |     1 |       ||     1
    Use: Potion            |       |       |     2 |     5 ||     7
         Scroll            |       |       |     2 |     9 ||    11
 Armour: Scale mail        |    34 |    34 |       |       ||    68
         Plate armour      |       |    13 |   309 |   289 ||   611
  Dodge: Dodged            |    37 |    17 |   146 |   147 ||   347
  Block: Buckler           |    12 |    11 |    67 |    90 ||   180

Table legend: (Time is in decaauts)
 A = Elapsed time spent in this place.
 B = Non-inter-level travel time spent in this place.
 C = Inter-level travel time spent in this place.
 D = Time resting spent in this place.
 E = Time spent auto-exploring this place.
 F = Levels seen in this place.
 G = Mean time per level.
                   A        B        C        D        E       F      G
               +--------+--------+--------+--------+--------+-----+--------+
         Total |  12965 |  12236 |    729 |    463 |  10110 |  14 |  926.1 |
       Dungeon |  10486 |   9770 |    716 |    463 |   7921 |  11 |  953.3 |
        Temple |      1 |      0 |      1 |      0 |      0 |   1 |    1.0 |
          Lair |   2477 |   2465 |     12 |      0 |   2189 |   2 | 1238.5 |
               +--------+--------+--------+--------+--------+-----+--------+

Top non-repeatable levels by time:
  Lair:1: 1443 daAuts
     D:5: 1380 daAuts
     D:8: 1286 daAuts
     D:9: 1053 daAuts
  Lair:2: 1034 daAuts
     D:6: 1014 daAuts
    D:10: 897 daAuts
     D:1: 882 daAuts
     D:4: 847 daAuts
     D:3: 821 daAuts
     D:7: 798 daAuts
    D:11: 768 daAuts
     D:2: 736 daAuts
  Temple: 1 daAuts
